 Dungeon Crawl Stone Soup version 0.26-a0-501-g57170428f2 (webtiles) character file.

Game seed: 14172218618455505233

15 ANON1729 the Caller (level 2, -4/15 HPs)
             Began as a Kobold Summoner on Aug 7, 2020.
             Slain by a gnoll
             ... wielding a +0 halberd
              (8 damage)
             ... on level 1 of the Dungeon.
             The game lasted 00:01:18 (656 turns).

ANON1729 the Caller (Kobold Summoner)                Turns: 656, Time: 00:01:19

Health: -4/15      AC:  2    Str:  5    XL:     2   Next: 65%
Magic:  4/5        EV: 15    Int: 16    God:
Gold:   23         SH:  0    Dex: 15    Spells: 4/5 levels left

rFire    . . .     SeeInvis .   d - +0 mace
rCold    . . .     Faith    .   (shield restricted)
rNeg     . . .     Spirit   .   a - +0 robe
rPois    .         Reflect  .   (no helmet)
rElec    .         Harm     .   (no cloak)
rCorr    .                      (no gloves)
MR       .....                  (no boots)
Stlth    +++.......             (no amulet)
HPRegen  0.05/turn              (no ring)
MPRegen  0.09/turn              (no ring)

@: no status effects
A: small, nightstalker 3
a: no special abilities


You were on level 1 of the Dungeon.
You visited 1 branch of the dungeon, and saw 1 of its levels.

You collected 23 gold pieces.

Inventory:

Hand Weapons
 b - a +0 whip
 d - a +0 mace (weapon)
Armour
 a - a +0 robe (worn)
Scrolls
 c - a scroll of identify {unknown}


   Skills:
 + Level 2.8 Dodging
 + Level 3.1 Stealth
 + Level 2.4 Spellcasting
 + Level 4.1 Summonings


You had 4 spell levels left.
You knew the following spells:

 Your Spells              Type           Power        Failure   Level
a - Summon Small Mammal   Summ           ###.         3%          1

Your spell library contained the following spells:

 Spells                   Type           Power        Failure   Level
 Call Imp                 Summ           ###.....     5%          2
 Call Canine Familiar     Summ           ###.....     11%         3
 Summon Guardian Golem    Hex/Summ       #.......     26%         3
 Summon Ice Beast         Ice/Summ       #.......     63%         4
 Summon Lightning Spire   Summ/Air       #.......     63%         4


Dungeon Overview and Level Annotations

Branches:
Dungeon (1/15)

Altars:


Innate Abilities, Weirdness & Mutations

You are small and have problems with some larger weapons.
You are completely attuned to the shadows.


Message History

Casting: Summon Small Mammal (safe; 3% risk of failure)
Confirm with . or Enter, or press ? or * to list all spells.
Casting: Summon Small Mammal (safe; 3% risk of failure)
Confirm with . or Enter, or press ? or * to list all spells.
You swap places.
You swap places.
Your bat hits the gnoll. You hit the gnoll.
The gnoll is lightly wounded.
Your bat misses the gnoll.
Your bat hits the gnoll but does no damage. x2
The gnoll hits you with a +0 halberd!
Ouch! That really hurt!
* * * LOW HITPOINT WARNING * * *
Your bat hits the gnoll but does no damage.
You swap places.
Your bat hits the gnoll but does no damage.
Your bat closely misses the gnoll.
The gnoll hits you with a +0 halberd!
Ouch! That really hurt!
You die...

#.................#
##..##.#####...##.#
#..##.#####...##.#
#.............##.#
#.#####.########.#
#.# #.### #.# #...#
###.# ###.# #b@r#
#.# #g### #.# #.#
#.# #.# ##.## #.#
#####...##
.........#
#####....# ####.#.#
#....#.#


You could see a gnoll, a friendly bat (summoned) and a friendly rat (summoned).

Vanquished Creatures
  2 leopard geckos (D:1)
  A bat (D:1)
  2 goblins (D:1)
  3 frilled lizards (D:1)
8 creatures vanquished.

Vanquished Creatures (collateral kills)
  A bat (D:1)
  A hobgoblin (D:1)
  2 jackals (D:1)
  A goblin (D:1)
  A kobold (D:1)
  A rat (D:1)
7 creatures vanquished.

Grand Total: 15 creatures vanquished

Notes
Turn   | Place    | Note
-------+----------+-------------------------------------------
     0 | D:1      | ANON1729 the Kobold Summoner began the quest for the Orb.
     0 | D:1      | Reached XP level 1. HP: 10/10 MP: 3/3
   166 | D:1      | Reached XP level 2. HP: 15/15 MP: 5/5
   656 | D:1      | Slain by a gnoll

Illustrated notes

Levels and vault maps discovered:
D:1:      sevenhm_arrival_forest_fort_small_6, layout_loops_ring

Skill      XL: |  1 |
---------------+----+-----
Stealth        | 3 |  3.1
Dodging        | |  2.8
Spellcasting   | |  2.4
Summonings     | |  4.1

Action                   || total
-------------------------++-------
Melee: Whip              ||     5
       Unarmed           ||     2
       Mace              ||    25
 Cast: Summon Small Mamm ||    13
 Stab: Sleeping          ||     3
Armor: Robe              ||     8
Dodge: Dodged            ||    38

Table legend: (Time is in decaauts)
 A = Elapsed time spent in this place.
 B = Non-inter-level travel time spent in this place.
 C = Inter-level travel time spent in this place.
 D = Time resting spent in this place.
 E = Time spent auto-exploring this place.
 F = Levels seen in this place.
 G = Mean time per level.
                   A        B        C        D        E       F      G
               +--------+--------+--------+--------+--------+-----+--------+
         Total |    665 |    665 |      0 |    299 |    213 |   1 |  665.0 |
       Dungeon |    665 |    665 |      0 |    299 |    213 |   1 |  665.0 |
               +--------+--------+--------+--------+--------+-----+--------+

Top non-repeatable levels by time:
     D:1: 665 daAuts
